 Dungeon Crawl Stone Soup version 0.24.1 (webtiles) character file.

Game seed: 7525749367216530578, levelgen mode: deterministic

3267 BadBadger the Grappler (level 9, -3/74 HPs)
             Began as a Black Draconian Transmuter on Mar 29, 2020.
             Was a Priest of Uskayaw.
             Slain by a two-headed ogre
             ... wielding a +0 giant spiked club
              (31 damage)
             ... on level 8 of the Dungeon.
             The game lasted 00:33:52 (7386 turns).

BadBadger the Grappler (Black Draconian Transmuter) Turns: 7386, Time: 00:33:59

Health: -3/74      AC:  2    Str: 14    XL:     9   Next: 68%
Magic:  8/14       EV: 19    Int: 18    God:    Uskayaw [***...]
Gold:   180        SH:  0    Dex: 16    Spells: 5/15 levels left

rFire    . . .     SeeInvis .     - Unarmed
rCold    + . .     Gourm    .   (shield currently unavailable)
rNeg     . . .     Faith    .   (armour unavailable)
rPois    x         Spirit   .   (helmet currently unavailable)
rElec    .         Reflect  .   (cloak currently unavailable)
rCorr    .         Harm     .   (gloves currently unavailable)
MR       .....                  (boots currently unavailable)
Stlth    +.........             (no amulet)
HPRegen  0.22/turn              i - ring of protection from cold
MPRegen  0.14/turn              g - +2 ring of intelligence

@: lethally poisoned (-3 -> -4), spider-form
A: tiny, (breathe lightning), unfitting armour, AC +7
a: End Transformation, Stomp, Line Pass, Renounce Religion


You were on level 8 of the Dungeon.
You worshipped Uskayaw.
Uskayaw was noncommittal.
You were hungry.
You were a venomous arachnid creature.
You visited 1 branch of the dungeon, and saw 8 of its levels.

You collected 328 gold pieces.
You spent 148 gold pieces at shops.

Inventory:

Missiles
 o - 31 poisoned darts (quivered)
 u - 99 arrows
Armour
 d - a +0 cloak (melded)
 m - a +0 hat (melded)
 w - a +1 pair of boots (melded)
Jewellery
 g - a +2 ring of intelligence (right front leg)
 i - a ring of protection from cold (left front leg)
Wands
 t - a wand of acid (7)
Scrolls
 a - 2 scrolls of amnesia
 b - a scroll of teleportation
 f - a scroll of blinking
 h - a scroll of identify
 j - 3 scrolls of remove curse
 q - a scroll of random uselessness
 r - 3 scrolls of enchant weapon
Potions
 e - a potion of might
 k - a potion of agility
 l - a potion of haste
 n - a potion of heal wounds
 p - a potion of curing
 s - a potion of lignification
 v - a potion of resistance
 x - a potion of invisibility
Comestibles
 c - 14 rations


   Skills:
 - Level 5.2 Fighting
 - Level 1.7 Dodging
 + Level 10.0 Unarmed Combat
 - Level 3.9 Spellcasting
 - Level 5.8 Transmutations
 - Level 3.8 Poison Magic
 + Level 3.7 Invocations


You had 5 spell levels left.
You knew the following spells:

 Your Spells              Type           Power        Failure   Level  Hunger
a - Beastly Appendage     Tmut           ###...       6%          1    None
b - Sticks to Snakes      Tmut           ###.....     8%          2    ##.....
c - Spider Form           Tmut/Pois      ###.......   17%         3    ###....
d - Ice Form              Ice/Tmut       ##......     63%         4    ####...

Your spell library contained the following spells:

 Spells                   Type           Power        Failure   Level  Hunger
 Blade Hands              Tmut           ###.......   58%         5    ######.


Dungeon Overview and Level Annotations

Branches:
Dungeon (8/15)             Temple (0/1) D:4
   Lair: D:8-11

Altars:
Cheibriados
Gozag
Qazlal
Sif Muna
Uskayaw
Zin
The Shining One

Shops:
D:4 %   D:5 [   D:6 ?

Annotations:
D:5 3 runed translucent doors, Nephtyrin's ghost, novice DrFE


Innate Abilities, Weirdness & Mutations

((You can breathe wild blasts of lightning.))
((Your glossy black scales are hard. (AC +7)))
You cannot fit into any form of body armour.
((You are resistant to electric shocks. (rElec)))
((You are cold-blooded and may be slowed by cold attacks.))


Message History

The two-headed ogre is moderately wounded.
You hear an angry hiss.
The shadow imp picks up a beetle and eats it.
The shadow imp closely misses you. The two-headed ogre closely misses you.
The two-headed ogre hits you with a cursed +0 giant club.
Uskayaw will force your foes to helplessly watch your dance.
Uskayaw prepares the audience for your solo!
The helpless two-headed ogre fails to defend itself.
You hit the two-headed ogre but do no damage.
The two-headed ogre is moderately wounded.
You feel sick.
The two-headed ogre is no longer paralysed.
The orc is no longer paralysed.
The shadow imp is no longer paralysed.
The orc wizard is no longer paralysed.
The worker ant is no longer paralysed.
The orc wizard mumbles some strange words.
The orc wizard flickers and vanishes!
Deactivating autopickup; reactivate with Ctrl-A.
The shadow imp closely misses you.
The two-headed ogre hits you with a +0 giant spiked club!!
You die...

#. .##!..###
#.##........
#..).#....#
#.........
#........
###.?...##
#........# ...
#.s.# ....###5O.#
##
...o..aoo###..##.
..o{.............
...#.....<.......
.. ###..#..##...#
#...#.... ###
#........#
...##.......


You could see a two-headed ogre, a worker ant, an orc wizard, a shadow imp and
an orc.

Vanquished Creatures
  Sigmund (D:5)
  A yak (D:7)
  3 hogs (D:7)
  A human (D:7)
  A water moccasin (D:7)
  3 ice beasts
  2 sky beasts
  2 ogres
  2 centaurs
  A big kobold (D:7)
  3 bullfrogs (D:6)
  6 howler monkeys
  A crimson imp (D:5)
  A jelly (D:6)
  5 orc priests
  A bullfrog skeleton (D:5)
  7 hounds
  An iguana (D:4)
  6 worker ants
  3 orc wizards
  A killer bee zombie (D:6)
  A hound zombie (D:7)
  2 hound skeletons
  4 gnolls
  11 adders
  A white imp (D:4)
  2 oozes
  A worm (D:2)
  A dart slug (D:1)
  4 leopard geckos
  12 orcs
  2 ball pythons
  9 bats
  6 giant cockroaches
  11 goblins
  6 hobgoblins
  16 jackals
  11 kobolds
  A quokka (D:2)
  8 frilled lizards
  2 goblin skeletons (D:4)
  2 goblin zombies (D:4)
  3 hobgoblin zombies (D:4)
  A jackal skeleton (D:4)
  A kobold zombie (D:4)
  3 orc zombies (D:4)
  5 rats
178 creatures vanquished.

Vanquished Creatures (collateral kills)
  An orc wizard (D:3)
  Terence (D:3)
  A bat (D:2)
  A quokka (D:3)
  A kobold skeleton (D:4)
  An orc skeleton (D:4)
6 creatures vanquished.

Grand Total: 184 creatures vanquished

Notes
Turn   | Place    | Note
-------+----------+-------------------------------------------
     0 | D:1      | BadBadger the Draconian Transmuter began the quest for the
                  | Orb.
     0 | D:1      | Reached XP level 1. HP: 16/16 MP: 3/3
    90 | D:1      | Reached XP level 2. HP: 15/24 MP: 3/5
    97 | D:1      | Learned a level 2 spell: Sticks to Snakes
   443 | D:1      | Reached XP level 3. HP: 30/30 MP: 4/6
  1205 | D:2      | Reached skill level 4 in Unarmed Combat
  1540 | D:2      | Reached XP level 4. HP: 31/38 MP: 7/7
  2329 | D:3      | Noticed Terence
  2343 | D:3      | Killed Terence
  2434 | D:3      | Reached XP level 5. HP: 46/46 MP: 8/8
  3132 | D:3      | Reached skill level 5 in Unarmed Combat
  3432 | D:4      | Found a stormy altar of Qazlal.
  3656 | D:4      | Found a snail-covered altar of Cheibriados.
  3657 | D:4      | Found a hide-covered altar of Uskayaw.
  3663 | D:4      | Reached XP level 6. HP: 46/53 MP: 5/9
  3672 | D:4      | Found a shimmering blue altar of Sif Muna.
  3698 | D:4      | Became a worshipper of Uskayaw the Reveler
  3711 | D:4      | Reached * piety under Uskayaw
  3735 | D:4      | Reached ** piety under Uskayaw
  3764 | D:4      | Reached skill level 5 in Fighting
  3769 | D:4      | Reached *** piety under Uskayaw
  3786 | D:4      | Found a glowing golden altar of the Shining One.
  3807 | D:4      | Reached skill level 6 in Unarmed Combat
  3860 | D:4      | Found a staircase to the Ecumenical Temple.
  4087 | D:4      | Your scales start taking on a glossy black colour.
  4087 | D:4      | Reached XP level 7. HP: 60/61 MP: 10/10
  4087 | D:4      | Gained mutation: You are resistant to electric shocks.
                  | (rElec) [Black Draconian growth]
  4088 | D:4      | Found Henleriu's Food Shoppe.
  4352 | D:5      | Entered Level 5 of the Dungeon
  4357 | D:5      | Learned a level 3 spell: Spider Form
  4572 | D:5      | Noticed Sigmund
  4581 | D:5      | Killed Sigmund
  4581 | D:5      | Reached skill level 7 in Unarmed Combat
  4658 | D:5      | Found Zeiskina's Antique Armour Shoppe.
  4668 | D:5      | Bought a pair of boots for 148 gold pieces
  4718 | D:5      | Found a runed translucent gate.
  4719 | D:5      | Found a runed translucent gate.
  4719 | D:5      | Found an opulent altar of Gozag.
  4720 | D:5      | Found a runed translucent gate.
  4720 | D:5      | Noticed Nephtyrin's ghost (novice DrFE)
  4881 | D:5      | Reached XP level 8. HP: 58/68 MP: 12/12
  5308 | D:6      | Found Zeda's Magic Scroll Shoppe.
  5369 | D:6      | Reached skill level 8 in Unarmed Combat
  5505 | D:6      | Identified a scroll of acquirement
  5513 | D:6      | Learned a level 4 spell: Ice Form
  5567 | D:6      | Reached skill level 1 in Poison Magic
  5978 | D:6      | Reached **** piety under Uskayaw
  6021 | D:6      | Found a glowing silver altar of Zin.
  6098 | D:6      | Reached skill level 5 in Transmutations
  6140 | D:6      | Reached XP level 9. HP: 66/74 MP: 14/14
  6308 | D:7      | Reached skill level 9 in Unarmed Combat
  6939 | D:7      | Reached ***** piety under Uskayaw
  7038 | D:7      | Reached skill level 1 in Invocations
  7062 | D:7      | Reached skill level 10 in Unarmed Combat
  7372 | D:8      | Noticed a two-headed ogre
  7386 | D:8      | Slain by a two-headed ogre

Levels and vault maps discovered:
D:1:      scummos_arrival_simple_crosswalls, layout_basic
D:2:      layout_loops_corners, columned_hall_lemuel
D:3:      layout_loops_ring, first_ration, uniq_terence
D:4:      layout_rooms, nicolae_tso_besieged_by_evil,
          grunt_temple_overflow_open, minmay_temple_entry_gardened_gates,
          serial_shops, kennysheep_little_box, grunt_ministairs_8,
          serial_park_tiny_1, corexii_corridor_pit
D:5:      wad_crossroads, layout_cave_pods, ebering_ghost_gozag, serial_shops,
          nicolae_shop_temple_entry_statues_fountains, uniq_sigmund
D:6:      layout_basic, basic_altar, serial_shops,
          nicolae_shop_temple_entry_statues_fountains
D:7:      cheibrodos_helix_gallery, layout_loops_corners, grunt_livestock
D:8:      layout_cave_pools, grunt_temple_overflow_opulence, kennysheep_mini,
          serial_shops, kennysheep_mini_moat, shop, nicolae_shop_crystal, shop,
          nicolae_shop_crystal, grunt_ministairs_13, uniq_harold, uniq_psyche,
          uniq_joseph

Skill      XL: |  1  2  3  4  5  6  7  8  9 |
---------------+----------------------------+-----
Fighting       | 2 3 4 5 |  5.2
Unarmed Combat | 4 5 6 7 8 10 | 10.0
Transmutations | 3 5 |  5.8
Spellcasting   | 3 |  3.9
Poison Magic   | 2 3 |  3.8
Invocations    | 3 |  3.7
Dodging        | |  1.7

Action                   |  1- 3 |  4- 6 |  7- 9 || total
-------------------------+-------+-------+-------++-------
Melee: Unarmed           |   118 |   222 |   266 ||   606
       Punch             |     2 |     3 |     8 ||    13
       Tailslap          |     7 |    26 |    28 ||    61
       Kick              |     2 |     4 |       ||     6
       Headbutt          |     2 |     2 |    20 ||    24
Throw: Dart              |       |     8 |     2 ||    10
 Cast: Beastly Appendage |     8 |     9 |    15 ||    32
       Sticks to Snakes  |     1 |    11 |     2 ||    14
       Spider Form       |       |       |     8 ||     8
Invok: Stomp             |       |     2 |     3 ||     5
       Line Pass         |       |     1 |     1 ||     2
 Abil: Breathe Lightning |       |       |     6 ||     6
  Use: Potion            |       |     4 |       ||     4
       Scroll            |       |       |    15 ||    15
 Stab: Sleeping          |       |     3 |     1 ||     4
       Distracted        |       |     1 |     1 ||     2
       Paralysed         |       |     1 |     9 ||    10
  Eat: Chunk             |     2 |    10 |     6 ||    18
       Ration            |       |       |     2 ||     2
Armor: Skin              |    31 |    70 |    76 ||   177
Dodge: Dodged            |    97 |   129 |   157 ||   383
